 Dungeon Crawl Stone Soup version 0.20-a0-901-g27f6fa8 (webtiles) character file.

20201 Patate the Warrior (level 12, -1/121 HPs)
             Began as a Minotaur Fighter on Mar 19, 2017.
             Was a High Priest of Okawaru.
             Slain by a five-headed hydra (5 damage)
             ... on level 4 of the Lair of Beasts.
             The game lasted 00:59:17 (18379 turns).

Patate the Warrior (Minotaur Fighter)              Turns: 18379, Time: 00:59:18

Health: -1/121     AC: 26    Str: 25    XL:     12   Next: 43%
Magic:  4/13       EV: 11    Int:  5    God:    Okawaru [*****.]
Gold:   370        SH:  9    Dex: 11    Spells: 11/11 levels left

rFire    + + .     SeeInvis .   D - +0 flail (protect)
rCold    + . .     Gourm    .   E - +0 chain mail
rNeg     . . .     Faith    .   M - +0 buckler {rC+ rF+}
rPois    .         Spirit   .   S - +2 hat
rElec    .         Reflect  +   y - scarf {repulsion}
rCorr    .         Harm     .   x - +0 pair of gloves
MR       +....                  w - +0 pair of boots
Stlth    ..........             d - +2 amulet of reflection
Regen    0.3/turn               X - ring of protection from fire
MPRegen  0.2/turn               Q - ring of protection from magic

@: about to teleport, heroism, protection aura, repel missiles
A: retaliatory headbutt, horns 2
a: Heroism, Finesse, Renounce Religion


You were on level 4 of the Lair of Beasts.
You worshipped Okawaru.
Okawaru was extremely pleased with you.
You were hungry.

You visited 3 branches of the dungeon, and saw 16 of its levels.

You collected 842 gold pieces.
You spent 472 gold pieces at shops.

Inventory:

Hand Weapons
 s - a +2 antimagic war axe
 D - a +0 flail of protection (weapon)
Missiles
 q - 7 javelins of returning
 P - 2 tomahawks of returning (quivered)
 T - 5 tomahawks
Armour
 w - a +0 pair of boots (worn)
 x - a +0 pair of gloves (worn)
 y - a scarf of repulsion (worn)
 E - a +0 chain mail (worn)
 M - a +0 buckler of resistance (worn)
 S - a +2 hat (worn)
Jewellery
 d - a +2 amulet of reflection (around neck)
 N - an uncursed ring of see invisible
 Q - a ring of protection from magic (left hand)
 X - a ring of protection from fire (right hand)
Wands
 c - a wand of digging (11/24)
 L - a wand of digging (11/24)
Scrolls
 a - a scroll of brand weapon {unknown}
 b - a scroll of vulnerability {unknown}
 g - 5 scrolls of teleportation
 h - a scroll of enchant weapon {unknown}
 j - 6 scrolls of remove curse
 k - 4 scrolls of magic mapping
 n - 2 scrolls of fog
 t - 2 scrolls of noise {unknown}
 u - 2 scrolls of fear
 v - a scroll of random uselessness {unknown}
 B - 3 scrolls of enchant armour
 C - 3 scrolls of immolation
 F - a scroll of silence {unknown}
 H - a scroll of blinking {unknown}
 I - 3 scrolls of recharging {unknown}
 R - a scroll of torment {unknown}
 V - a scroll of identify
 Z - a scroll of amnesia {unknown}
Potions
 e - a potion of curing
 l - 2 potions of might
 m - a potion of brilliance
 o - 4 potions of flight
 r - a potion of heal wounds
 z - 2 potions of cancellation
 G - a potion of lignification {unknown}
 O - a potion of agility
 Y - a potion of haste {unknown}
Comestibles
 f - 9 bread rations
 i - 23 fruits
 p - 8 meat rations
 K - 2 royal jellies


   Skills:
 - Level 15.5(20.5) Fighting
 - Level 11.6(16.6) Axes
 - Level 5.3(10.3) Throwing
 - Level 11.0(16.0) Armour
 - Level 8.5(13.5) Shields
 * Level 3.8 Invocations


You had 11 spell levels left.
You didn't know any spells.

Dungeon Overview and Level Annotations

Branches:
Dungeon (11/15)            Temple (1/1) D:5            Lair (4/6) D:10
  Swamp (0/4) Lair:3        Snake (0/4) Lair:2          Orc (0/2) D:10

Altars:
Ashenzari
Cheibriados
Dithmenos
Elyvilon
Fedhas
Gozag
Hepliaklqana
Kikubaaqudgha
Makhleb
Nemelex Xobeh
Okawaru
Qazlal
Ru
Sif Muna
Trog
Uskayaw
Vehumet
Wu Jian
Xom
Yredelemnul
Zin
The Shining One

Shops:
D:9 [

Annotations:
Lair:1 exclusion: oklob plant, emsyzz's ghost, journeyman SpEn
Lair:4 exclusion: oklob plant


Innate Abilities, Weirdness & Mutations

You reflexively headbutt those who attack you in melee.
You have a pair of horns on your head.


Message History

The five-headed hydra bites you.
* * * LOW HITPOINT WARNING * * *
The five-headed hydra bites you but does no damage.
You sock the six-headed hydra!
The six-headed hydra is almost dead.
The six-headed hydra bites you but does no damage. x2
You block the six-headed hydra's attack.
The six-headed hydra bites you but does no damage.
The six-headed hydra bites you.
* * * LOW HITPOINT WARNING * * *
The six-headed hydra bites you!
* * * LOW HITPOINT WARNING * * *
You block the hippogriff's attack. x2
The hippogriff claws you but does no damage.
You block the five-headed hydra's attack.
The five-headed hydra barely misses you. x2
The five-headed hydra bites you!
* * * LOW HITPOINT WARNING * * *
The five-headed hydra bites you.
You die...

#..... #....>..8... # #....
+........... #. #....
#......##... .H #...
###.###+##.. #.#...
#..##..###. #.H..###
##......#### #l..###
###........# #
##..D..#####...)......# #
###..#.#l#@##...........#
#..)..k.HDDH............#
#........lk..#...........#
#...>.........#..........#.
#P......._....#............
###.PP.......##..........).
####......#.#..........#
#....P##.####.#..####
##.#### ## ####.#


You could see a six-headed hydra, a five-headed hydra, 2 hippogriffs, a basilisk
and 2 rime drakes.

Vanquished Creatures
  A hydra (Lair:3)
  Pikel (D:7)
  An ugly thing (D:11)
  A cyclops (D:11)
  2 black mambas (Lair:2)
  Joseph (D:8)
  2 centaur skeletons
  3 spiny frogs (Lair:2)
  A komodo dragon (Lair:1)
  2 trolls (D:9)
  A merfolk (D:11)
  Grinder (D:3)
  Prince Ribbit (D:8)
  A hippogriff (Lair:1)
  5 wraiths
  A human (D:11)
  2 wyverns
  A basilisk (Lair:2)
  15 yaks
  2 hungry ghosts
  2 vampire mosquitoes (D:11)
  3 nagas (Lair:2)
  An acid dragon (D:8)
  5 water moccasins
  Duvessa (D:7)
  7 porcupines
  8 orc warriors
  5 ice beasts
  A black bear (Lair:2)
  2 phantoms
  An eye of draining (D:10)
  4 sky beasts
  3 necrophages
  4 ogres
  4 centaurs
  11 crocodiles
  2 big kobolds
  17 bullfrogs
  Dowan (D:7)
  A wyvern skeleton (D:6)
  6 scorpions
  4 wights (D:8)
  7 howler monkeys
  2 crimson imps
  3 bullfrog zombies
  2 centaur zombies
  8 hounds
  A quasit (D:9)
  A jelly (D:9)
  19 orc priests
  3 bullfrog skeletons
  A gnoll shaman (D:7)
  21 orc wizards
  4 iguanas
  12 worker ants
  A killer bee zombie (D:10)
  A howler monkey zombie (D:9)
  A worker ant zombie (D:5)
  Robin (D:3)
  5 gnolls (D:7)
  5 adders
  2 shadow imps
  3 oozes
  An adder zombie (D:6)
  A worm (D:3)
  4 dart slugs
  3 leopard geckos
  83 orcs
  2 ball pythons
  4 giant cockroaches
  17 goblins
  10 hobgoblins
  4 jackals
  6 quokkas
  8 bats
  3 frilled lizards
  20 kobolds
  A leopard gecko skeleton (D:6)
  A leopard gecko zombie (D:8)
  2 quokka skeletons
  A quokka zombie (D:5)
  5 rats
  A bush (Lair:1)
  2 fungi
420 creatures vanquished.

Vanquished Creatures (others)
  Maurice (D:8)
  An orc warrior (D:8)
  3 slaves (D:7)
  A centaur (D:7)
  A scorpion (D:7)
  A gnoll shaman (D:7)
  A hound skeleton (D:7)
  2 gnolls (D:7)
  A fungus (Lair:2)
  3 plants
15 creatures vanquished.

Grand Total: 435 creatures vanquished

Notes
Turn   | Place    | Note
-------+----------+-------------------------------------------
     0 | D:1      | Patate the Minotaur Fighter began the quest for the Orb.
     0 | D:1      | Reached XP level 1. HP: 19/19 MP: 0/0
   115 | D:1      | Reached XP level 2. HP: 27/27 MP: 1/1
   491 | D:1      | Reached skill level 4 in Fighting
   927 | D:2      | Found a sparkling altar of Nemelex Xobeh.
   997 | D:2      | Reached XP level 3. HP: 33/33 MP: 2/2
  1043 | D:2      | Found a bloodstained altar of Trog.
  1190 | D:2      | Found a shadowy altar of Dithmenos.
  1307 | D:2      | Found a radiant altar of Vehumet.
  1316 | D:2      | Found a shattered altar of Ashenzari.
  1319 | D:2      | Found a glowing golden altar of the Shining One.
  1434 | D:3      | Noticed Grinder
  1447 | D:3      | Killed Grinder
  1447 | D:3      | Reached skill level 5 in Fighting
  1447 | D:3      | Reached skill level 5 in Armour
  1447 | D:3      | Reached XP level 4. HP: 30/44 MP: 3/3
  1447 | D:3      | Reached XP level 5. HP: 34/50 MP: 4/4
  1578 | D:3      | Reached skill level 6 in Fighting
  1754 | D:3      | Noticed Robin
  1768 | D:3      | Killed Robin
  2018 | D:3      | Found a faded altar of an unknown god.
  2040 | D:3      | Reached XP level 6. HP: 57/57 MP: 5/5
  2117 | D:3      | Found a snail-covered altar of Cheibriados.
  2559 | D:4      | Found a burning altar of Makhleb.
  3093 | D:5      | Entered Level 5 of the Dungeon
  3124 | D:4      | Reached skill level 7 in Fighting
  3124 | D:4      | Reached skill level 5 in Axes
  3201 | D:5      | Found an iron altar of Okawaru.
  3210 | D:5      | Reached XP level 7. HP: 66/66 MP: 6/6
  3317 | D:5      | Found a staircase to the Ecumenical Temple.
  3334 | Temple   | Entered the Ecumenical Temple
  3437 | Temple   | Became a worshipper of Warmaster Okawaru
  3685 | D:5      | Found a sparkling altar of Nemelex Xobeh.
  3822 | D:5      | Reached skill level 8 in Fighting
  3838 | D:5      | Found a sacrificial altar of Ru.
  4286 | D:5      | Reached XP level 8. HP: 74/75 MP: 7/7
  4334 | D:6      | Reached skill level 9 in Fighting
  4346 | D:6      | Reached * piety under Okawaru
  4682 | D:6      | Reached skill level 10 in Fighting
  4977 | D:7      | Reached XP level 9. HP: 85/85 MP: 8/8
  4997 | D:7      | Reached ** piety under Okawaru
  5101 | D:7      | Found a basalt altar of Yredelemnul.
  5103 | D:7      | Noticed Duvessa
  5104 | D:7      | Noticed Dowan
  5143 | D:7      | Killed Duvessa
  5167 | D:7      | Killed Dowan
  5488 | D:7      | Reached skill level 11 in Fighting
  5565 | D:7      | Noticed Pikel
  5583 | D:7      | Killed Pikel
  5662 | D:7      | Found an ancient bone altar of Kikubaaqudgha.
  5704 | D:7      | Reached *** piety under Okawaru
  5957 | D:7      | Reached skill level 12 in Fighting
  6654 | D:8      | Noticed Prince Ribbit
  6654 | D:8      | Noticed Joseph
  6867 | D:8      | Reached XP level 10. HP: 93/96 MP: 9/9
  6876 | D:8      | Found a deep blue altar of Sif Muna.
  7009 | D:8      | Killed Joseph
  7189 | D:8      | Found a glowing silver altar of Zin.
  7316 | D:8      | Reached **** piety under Okawaru
  7325 | D:8      | Noticed Maurice
  7385 | D:8      | Killed Prince Ribbit
  7522 | D:8      | Reached skill level 13 in Fighting
  7526 | D:8      | Killed Maurice
  7526 | D:8      | Reached skill level 10 in Armour
  8593 | D:9      | You fall through a shaft!
  8593 | D:10     | Entered Level 10 of the Dungeon
  8601 | D:10     | Reached skill level 10 in Axes
  9325 | D:10     | Found a staircase to the Orcish Mines.
  9488 | D:10     | Found a staircase to the Lair.
  9547 | D:10     | Reached ***** piety under Okawaru
  9553 | D:10     | Reached skill level 14 in Fighting
 10059 | D:9      | Reached XP level 11. HP: 58/110 MP: 3/10
 10975 | D:9      | Found Set Nues's Armour Shop.
 10978 | D:9      | Bought a +0 buckler of resistance for 472 gold pieces
 11044 | D:10     | Received a gift from Okawaru
 11406 | D:11     | Found a radiant altar of Vehumet.
 11711 | D:11     | Reached skill level 1 in Throwing
 12078 | D:11     | Reached skill level 5 in Shields
 12338 | D:11     | Received a gift from Okawaru
 12386 | D:11     | Noticed a brown ugly thing
 12394 | D:11     | Killed a brown ugly thing
 12594 | Lair:1   | Entered Level 1 of the Lair of Beasts
 12668 | Lair:1   | Noticed emsyzz's ghost (journeyman SpEn)
 13541 | Lair:1   | HP: 1/111 [emsyzz's ghost (13)]
 13723 | Lair:1   | Noticed an oklob plant
 13749 | Lair:1   | Reached skill level 15 in Fighting
 15206 | Lair:2   | Reached XP level 12. HP: 96/121 MP: 3/11
 15792 | Lair:2   | Received a gift from Okawaru
 16218 | Lair:2   | Found a staircase to the Snake Pit.
 16324 | Lair:2   | Reached skill level 5 in Throwing
 17130 | Lair:3   | Found a staircase to the Swamp.
 17210 | Lair:3   | Reached skill level 1 in Invocations
 17841 | Lair:3   | Received a gift from Okawaru
 17941 | Lair:3   | Noticed a six-headed hydra
 17959 | Lair:3   | Killed a six-headed hydra
 18327 | Lair:4   | Found a shattered altar of Ashenzari.
 18350 | Lair:4   | Noticed a six-headed hydra
 18359 | Lair:4   | Noticed a five-headed hydra
 18379 | Lair:4   | HP: 4/121 [five-headed hydra (7)]
 18379 | Lair:4   | Slain by a five-headed hydra

Vault maps used:
D:1:      dpeg_arrival_ternary, hangedman_decor_riveting
D:2:      nemelex_xobeh_ov_fountains_minmay, grunt_dithmenos_smoke,
          overflow_temple_1_default, minitemple, first_bread
D:3:      kb_forest_paths, kennysheep_slug_shrine,
          chequers_ecumenical_altar_island, uniq_robin, uniq_grinder
D:4:      kennysheep_mini
D:5:      nicolae_overflow_hidden_temple, temple_green, basic_altar,
          portal_sewer_entry_e, small_statue_alley_b, minivault_25,
          nemelex_diamond_rough_becter
D:7:      yredelemnul_altar_generic, lemuel_round_altar, uniq_pikel,
          uniq_duvessa
D:8:      overflow_temple_1_default, lemuel_coloured_pillars_altar,
          uniq_prince_ribbit1, uniq_maurice, uniq_joseph
D:9:      serial_shops, kennysheep_mini_moat
D:10:     lair_entry_dummy, hiddenorc2_lemuel
D:11:     basic_altar, hangedman_stone_soup, nicolae_for_you_no_charge,
          uniq_josephine
Temple:   kb_temple_of_zot
Lair:1:   grunt_megastairs_3, minmay_lair_oklob_chamber
Lair:2:   guppyfry_snake_entry_island, st_stairs_12
Lair:3:   swamp_mist_pool, lemuel_fruit_tree
Lair:4:   portal_ice_cave_entry_imps, lab_entry_generic, special_room,
          basic_altar, grunt_megastairs_5

Skill      XL: |  1  2  3  4  5  6  7  8  9 10 11 12 |
---------------+-------------------------------------+-----
Armour         | 4 5 6 7 9 10 11 | 11.0
Fighting       | 4 5 6 7 8 10 12 14 15 | 15.5
Axes           | 4 5 6 7 9 10 11 | 11.6
Shields        | 8 |  8.5
Throwing       | 4 5 |  5.3
Invocations    | 3 |  3.8

Action                   |  1- 3 |  4- 6 |  7- 9 | 10-12 || total
-------------------------+-------+-------+-------+-------++-------
Melee: War axe           |    78 |   121 |   332 |   883 ||  1414
       Headbutt          |     6 |    22 |    71 |   171 ||   270
       Flail             |       |       |       |    23 ||    23
Throw: Tomahawk          |       |       |       |    30 ||    30
Invok: Heroism           |       |       |       |    11 ||    11
  Use: Potion            |     1 |       |       |     7 ||     8
       Scroll            |       |     4 |     1 |    11 ||    16
  Eat: Chunk             |       |     7 |    11 |    40 ||    58
       Royal jelly       |       |       |     2 |     1 ||     3
       Fruit             |       |       |     1 |     1 ||     2
Armor: Scale mail        |    36 |    50 |    55 |       ||   141
       Chain mail        |       |       |    78 |   498 ||   576
Dodge: Dodged            |    27 |    23 |    72 |   252 ||   374
Block: Shield            |    59 |    60 |   194 |   201 ||   514
       Reflection        |       |       |    15 |    17 ||    32
       Buckler           |       |       |       |   163 ||   163
